Map: Dusty Gorge

Players

Egzorcysta

  • Race: Terran Terran
  • League: Gold
  • Spawn Location: 3:00

Timi

  • Race: Terran Terran
  • Spawn Location: 5:00

Nigrnog - Winner!

  • Race: Zerg Zerg
  • League: Silver
  • Spawn Location: 9:00

MooEsqoo - Winner!

  • Race: Zerg Zerg
  • Spawn Location: 11:00

VOD

Have the link to the VOD?

Description

Time

  • Played on: Dec. 21, 2019, 11:54 a.m.
  • Length: 18:07
Show
View Real Time Build Order
Export as new Build Order

Egzorcysta Terran 

Build Orders:  

Get SALT Encoding   

  12  0:12  Supply Depot  
  12  0:35  Barracks  
  12  0:41  Barracks  
  12  0:58  Barracks  
  12  1:22  Orbital Command  
  12  1:24  Marine  
  13  1:29  Marine  
  14  1:42  Marine  
  14  1:45  Marine  
  16  1:47  Marine  
  17  1:57  SCV  
  17  1:59  Marine  
  19  2:05  Supply Depot  
  19  2:19  Marine  
  19  2:20  Marine  
  21  2:23  Marine  
  21  2:28  Supply Depot  
  22  2:39  Marine  
  22  2:41  Marine  
  24  2:46  SCV  
  25  2:51  Supply Depot  
  25  2:58  SCV  
  26  3:07  Refinery  
  26  3:10  SCV  
  27  3:13  Refinery  
  27  3:22  SCV  
  28  3:27  Marine x2  
  28  3:28  Marine  
  31  3:45  SCV, Marine x3  
  35  3:57  SCV  
  37  4:10  SCV  
  37  4:22  SCV, Factory  
  38  4:31  Barracks Tech Lab  
  38  4:32  Barracks Reactor  
  38  5:04  Barracks Reactor  
  38  5:10  Combat Shield  
  38  5:31  Factory Tech Lab  
  38  5:36  SCV  
  39  5:48  SCV  
  40  5:50  Starport  
  40  5:54  Marine  
  40  5:55  Marine x4  
  45  6:00  SCV  
  46  6:12  Marine x5, Command Center  
  46  6:16  Infernal Pre-Igniter  
  51  6:30  Marine x4  
  51  6:31  Starport Reactor  
  55  7:05  Armory, Marine  
  55  7:06  Marine x4  
  60  7:20  SCV  
  61  7:23  Marine x3  
  61  7:24  Marine x2  
  66  7:34  Engineering Bay  
  66  7:37  SCV  
  66  7:41  Marine  
  68  7:49  SCV  
  69  8:01  SCV  
  70  8:08  Medivac x2  
  70  8:12  Missile Turret  
  74  8:13  SCV  
  75  8:25  SCV  
  76  8:35  Terran Infantry Weapons Level 1  
  76  8:38  Medivac x2  
  80  8:47  Missile Turret  
  80  8:50  Stimpack  
  80  9:12  Marine  
  80  9:13  Marine x4  
  85  9:30  Marine  
  85  9:31  Marine x4  
  90  9:42  SCV  
  91  9:48  Marine  
  91  9:49  Marine x2  
  94  9:53  Factory  
  94  10:12  Supply Depot  
  94  10:29  Terran Infantry Armor Level 1  
  94  10:33  SCV, Marine x5  
  100  10:36  Supply Depot  
  100  10:40  Factory Reactor  
  100  10:45  SCV  
  101  10:51  Marine  
  102  10:57  SCV, Marine x3  
  102  10:59  Supply Depot  
  106  11:21  Drilling Claws  
  106  11:27  Hellbat x3  
  106  11:29  Marine  
  106  11:30  Marine x4  
  117  11:45  Supply Depot  
  117  11:47  Marine  
  117  11:50  Marine x3, Hellbat x2  
  117  11:52  Hellbat  
  127  12:09  Command Center  
  127  12:12  Hellbat x2  
  127  12:13  Hellbat  
  133  12:18  Medivac x2  
  137  12:24  Hi-Sec Auto Tracking  
  129  12:33  Hellbat x2  
  129  12:35  Hellbat  
  135  12:56  Hellbat  
  137  13:03  Command Center  
  137  13:20  Neosteel Armor  
  137  13:24  Medivac x2  
  141  13:46  Bunker  
  141  13:51  Marine x5  
  146  14:08  Marine  
  146  14:09  Marine x4  
  151  14:12  Supply Depot  
  151  14:25  Orbital Command  
  151  14:26  Marine  
  151  14:27  Marine x3  
  155  14:36  Supply Depot  
  155  14:45  Orbital Command  
Show
View Real Time Build Order
Export as new Build Order

Timi Terran 

Build Orders:  

Get SALT Encoding   

  12  0:10  Supply Depot  
  12  0:40  Barracks x2  
  12  0:59  Barracks  
  12  1:13  Refinery  
  12  1:15  Refinery  
  12  1:34  SCV  
  13  1:47  SCV  
  14  1:59  SCV  
  15  2:11  SCV  
  16  2:23  SCV  
  16  2:25  Factory  
  17  2:35  SCV  
  18  2:47  SCV  
  19  2:59  SCV  
  20  3:10  Starport  
  20  3:11  SCV  
  21  3:17  Starport  
  21  3:26  Factory Tech Lab  
  21  3:30  Factory  
  21  3:36  Barracks Tech Lab  
  21  3:38  Barracks Reactor  
  21  3:43  Barracks Reactor  
  21  4:02  Combat Shield  
  21  4:17  Factory Reactor  
  21  4:37  Bunker  
  21  4:43  Marine x2  
  23  4:55  Starport Tech Lab  
  23  4:56  Starport Reactor  
  23  5:15  Supply Depot  
  23  5:17  Supply Depot  
  23  5:21  Supply Depot  
  23  5:23  Supply Depot  
  23  5:36  Marine x4  
  27  5:48  Siege Tank  
  30  5:54  Marine x4  
  34  6:12  Marine x2  
  34  6:18  Supply Depot  
  36  6:20  Siege Tank  
  39  6:30  Supply Depot  
  39  6:32  Supply Depot x2  
  39  6:38  Supply Depot  
  39  7:10  Viking x2  
  43  7:26  Fusion Core  
  43  8:20  Viking x2  
  47  8:55  Battlecruiser  
  53  9:03  Starport  
  53  9:39  Starport Tech Lab  
  59  10:07  Battlecruiser x2  
  65  10:45  Command Center  
  65  11:38  Battlecruiser x2  
  77  11:57  SCV  
  78  12:05  Orbital Command  
  78  12:10  SCV  
  79  12:22  SCV, Marine x4  
  84  12:34  SCV  
  85  12:39  Marine  
  85  12:40  Marine x3  
  89  12:46  SCV  
  90  12:57  Marine  
  90  12:58  Marine x3  
  94  13:08  Bunker  
  94  13:15  Marine x2, Engineering Bay  
  94  13:16  Marine x2  
  98  13:46  Battlecruiser x2  
Show
View Real Time Build Order
Export as new Build Order

Nigrnog Zerg - Winner!

Build Orders: Pool First, Brood Lord Corruptor 

Get SALT Encoding   

  12  0:01  Drone  
  13  0:13  Overlord  
  13  0:18  Drone  
  14  0:32  Drone  
  14  0:33  Drone  
  16  0:44  Spawning Pool  
  16  0:46  Drone  
  16  0:55  Drone  
  17  0:58  Drone, Extractor  
  17  1:07  Drone  
  18  1:18  Drone  
  19  1:33  Queen  
  19  1:35  Drone  
  22  1:50  Overlord  
  22  1:53  Hatchery  
  21  1:55  Evolution Chamber  
  21  1:58  Drone  
  21  2:03  Metabolic Boost  
  21  2:08  Zergling x2  
  21  2:13  Zergling x2  
  23  2:24  Drone  
  24  2:34  Zergling x2  
  25  2:40  Lair  
  25  2:44  Zergling x2  
  25  2:45  Zergling x2  
  25  2:46  Zergling x2  
  25  2:48  Overlord  
  28  3:05  Queen  
  30  3:06  Zergling x2  
  31  3:14  Zergling x4  
  31  3:15  Zergling x6  
  36  3:20  Overlord  
  36  3:32  Zergling x4  
  38  3:39  Zerg Melee Weapons Level 1  
  38  3:42  Drone  
  39  3:56  Burrow  
  39  4:14  Overlord  
  39  4:15  Drone x5  
  39  4:16  Drone  
  45  4:37  Baneling Nest  
  44  4:42  Roach Warren  
  44  4:44  Drone x3  
  44  4:45  Drone x2  
  48  5:11  Extractor  
  47  5:15  Extractor  
  46  5:21  Hatchery  
  46  5:26  Evolution Chamber  
  44  5:32  Infestation Pit  
  43  5:40  Roach x5  
  53  5:54  Queen  
  53  5:56  Drone x4  
  53  5:57  Drone  
  60  6:00  Extractor  
  60  6:01  Baneling x3  
  60  6:02  Baneling x2  
  59  6:13  Glial Reconstitution  
  59  6:37  Overlord x2  
  59  6:38  Overlord x3  
  59  6:44  Queen  
  61  6:56  Hive  
  61  7:01  Drone  
  62  7:14  Drone x3  
  65  7:22  Roach x2  
  69  7:27  Zerg Ground Armor Level 1  
  69  7:34  Drone x2  
  69  7:36  Drone  
  72  7:47  Drone x4  
  72  7:48  Drone  
  72  7:51  Drone  
  78  7:54  Drone  
  79  8:03  Centrifical Hooks  
  79  8:07  Baneling x3  
  79  8:08  Baneling x3  
  79  8:09  Baneling  
  79  8:10  Baneling  
  79  8:11  Baneling  
  79  8:12  Baneling  
  79  8:13  Baneling  
  79  8:15  Baneling x2  
  79  8:16  Baneling  
  79  8:17  Baneling  
  79  8:19  Zergling x2  
  80  8:28  Drone x4  
  80  8:32  Extractor  
  83  8:48  Spire  
  82  8:56  Drone x3  
  82  8:57  Drone x6  
  82  9:01  Zerg Missile Weapons Level 1  
  91  9:07  Adrenal Glands  
  91  9:26  Drone x3  
  91  9:27  Drone x8  
  91  9:28  Drone x4  
  106  9:37  Extractor  
  105  10:02  Pneumatized Carapace  
  105  10:03  Overlord x3  
  105  10:04  Overlord x4  
  105  10:05  Hatchery  
  105  10:06  Greater Spire  
  104  10:10  Zergling x4  
  106  10:22  Baneling x8  
  104  10:47  Zergling x14  
  104  10:48  Roach x2  
  115  10:56  Hatchery  
  114  11:42  Queen  
  114  11:43  Drone x4  
  114  11:44  Drone  
  121  11:49  Corruptor x2  
  121  11:50  Corruptor x8  
  121  11:51  Corruptor x6  
  153  12:07  Hatchery  
  152  12:09  Zerg Flyer Weapons Level 1  
  152  12:16  Spire  
  152  12:17  Queen, Zerg Missile Weapons Level 2  
  152  12:19  Zerg Ground Armor Level 2  
  152  12:21  Corruptor x4  
  161  12:44  Brood Lord x2  
  165  12:52  Queen  
  167  13:14  Roach x3  
  173  13:25  Brood Lord x3  
  179  13:28  Overlord x4  
  179  13:29  Overlord x6  
  179  13:38  Overlord  
  179  13:39  Overlord  
  179  13:40  Overlord x2  
  179  13:49  Brood Lord x3  
  179  13:54  Brood Lord  
  187  14:03  Extractor  
  187  14:06  Extractor  
  185  14:16  Brood Lord x2  
  189  14:24  Zergling x8  
  189  14:25  Zergling x12  
  191  14:46  Corruptor x3  
  184  15:04  Baneling x17, Corruptor x4  
  189  15:34  Brood Lord x4  
  188  16:11  Corruptor x4  
  188  16:12  Corruptor  
  193  16:22  Roach  
  193  16:23  Roach x2  
  198  17:31  Drone  
Show
View Real Time Build Order
Export as new Build Order

MooEsqoo Zerg - Winner!

Build Orders: Hatch First 

Get SALT Encoding   

  12  0:02  Drone  
  13  0:16  Overlord  
  13  0:18  Drone  
  15  0:35  Drone  
  15  0:49  Drone x2  
  17  0:56  Drone  
  18  1:08  Drone  
  18  1:09  Hatchery  
  18  1:10  Extractor  
  17  1:13  Drone  
  18  1:22  Drone  
  19  1:27  Spawning Pool  
  18  1:38  Drone  
  19  1:46  Drone  
  20  1:58  Drone  
  21  2:20  Queen, Overlord  
  23  2:26  Zergling x4  
  23  2:27  Queen  
  23  2:29  Metabolic Boost  
  27  2:34  Drone  
  28  2:41  Drone  
  28  2:42  Drone  
  30  2:46  Drone  
  31  2:55  Drone  
  32  3:15  Drone x3  
  32  3:17  Drone  
  36  3:22  Roach Warren  
  35  3:50  Drone  
  35  3:53  Overlord x4  
  35  3:54  Overlord  
  36  4:02  Baneling Nest  
  35  4:04  Extractor x2  
  35  4:07  Lair  
  33  4:26  Queen  
  35  4:47  Roach x4  
  35  4:48  Zergling x2  
  35  4:49  Zergling x8  
  48  5:10  Zergling x4  
  48  5:11  Hatchery  
  49  5:22  Baneling x3  
  49  5:23  Baneling x6  
  49  5:36  Drone x3  
  49  5:37  Drone x3  
  55  5:57  Zergling x2  
  55  5:58  Zergling x8, Drone  
  55  5:59  Drone  
  55  6:01  Centrifical Hooks  
  62  6:04  Zergling x2  
  63  6:32  Drone x4  
  67  6:34  Roach x2  
  71  7:00  Roach x3  
  71  7:01  Roach x2  
  81  7:03  Overlord x5  
  81  7:13  Spire  
  81  7:14  Infestation Pit  
  81  7:15  Drone x3  
  82  7:30  Ravager x4  
  82  7:33  Roach x2  
  82  7:34  Zergling x4  
  82  7:35  Zergling x8  
  82  7:36  Drone x3  
  99  7:47  Glial Reconstitution  
  99  7:53  Evolution Chamber  
  99  7:55  Evolution Chamber  
  97  8:03  Roach x4  
  97  8:04  Roach  
  107  8:23  Roach x3  
  107  8:24  Roach x2  
  107  8:25  Zergling x6  
  107  8:26  Drone, Extractor  
  120  8:34  Extractor  
  120  8:39  Extractor  
  118  8:46  Ravager x2  
  120  8:50  Overlord x4  
  120  8:51  Overlord x2  
  120  9:21  Ravager x4  
  120  9:22  Ravager  
  125  9:37  Zerg Missile Weapons Level 1  
  125  9:50  Zergling x8  
  125  9:51  Zergling x14  
  125  9:52  Zergling x8  
  140  9:53  Zergling x6  
  140  9:56  Baneling x3  
  140  9:57  Baneling x5  
  140  9:58  Baneling x2  
  143  10:08  Drone x3  
  143  10:13  Drone x2  
  143  10:14  Drone x3  
  151  10:15  Zergling x2  
  151  10:16  Zergling x6  
  155  10:30  Baneling x4  
  155  10:31  Baneling x7  
  155  10:32  Baneling  
  155  10:35  Baneling x5  
  155  10:36  Baneling x3  
  155  10:50  Overlord  
  155  10:51  Overlord x6  
  155  10:57  Zergling x8  
  155  10:58  Drone  
  157  11:18  Drone x7  
  162  11:19  Drone  
  165  11:28  Zerg Ground Armor Level 1  
  165  11:32  Zerg Melee Weapons Level 1  
  165  11:47  Corruptor x4  
  165  11:53  Drone x2  
  165  11:54  Drone x3  
  178  12:09  Hive  
  174  12:36  Corruptor x5  
  174  12:37  Corruptor x2  
  188  13:19  Corruptor  
  188  13:20  Corruptor x3  
  188  13:22  Hatchery  
  195  13:29  Zerg Ground Armor Level 2  
  195  13:30  Zerg Missile Weapons Level 2  
  195  13:33  Zergling x10  
  174  15:46  Greater Spire  
  135  16:27  Zergling x14  
  135  16:28  Zergling x14  
  135  16:29  Zergling x4  
  116  17:15  Queen  
  116  17:16  Queen x2  
  116  17:19  Queen  
  124  17:32  Corruptor x4  
  124  17:33  Corruptor x6  
  124  17:34  Corruptor  
  124  17:35  Corruptor  
Tags
 
Add a new tag
Caveats
  • Supply blocks, unpowered buildings, or Contaminate may cause inaccurate times.
  • Supply counts are checked every 10 seconds.